 Dungeon Crawl Stone Soup version 0.26.1-11-gd32895ea62 (webtiles) character file.

Game seed: 2868012869959524224

842 Zeld the Insei (level 8, 0/67 HPs)
             Began as a Gnoll Monk on June 11, 2021.
             Was a Believer of Zin.
             Blown up by Ijyb (15 damage)
             ... with a disintegration bolt
             ... on level 4 of the Dungeon.
             The game lasted 00:07:25 (5942 turns).

Zeld the Insei (Gnoll Monk)                         Turns: 5942, Time: 00:07:26

Health: 0/67       AC:  3    Str: 17    XL:     8   Next: 0%
Magic:  10/12      EV: 17    Int: 14    God:    Zin [**....]
Gold:   22         SH:  0    Dex: 18    Spells: 12/12 levels left

rFire    . . .     SeeInvis .     - Unarmed
rCold    . . .     Faith    .   (no shield)
rNeg     . . .     Spirit   .   a - +0 robe
rPois    ∞         Reflect  .   r - +0 helmet
rElec    .         Harm     .   (no cloak)
rCorr    .         Rampage  .   (no gloves)
Will     .....                  (no boots)
Stlth    +++.......             (no amulet)
HPRegen  0.21/turn              (no ring)
MPRegen  0.13/turn              (no ring)

@: vitalised
A: distributed training, fangs 1, strong nose
a: Renounce Religion, Recite, Vitalisation, Donate Gold


You were on level 4 of the Dungeon.
You worshipped Zin.
Zin was pleased with you.
You visited 1 branch of the dungeon, and saw 4 of its levels.
You also visited: Sewer.

You collected 176 gold pieces.
You donated 154 gold pieces to Zin.

Inventory:

Armour
 a - a +0 robe (worn)
 r - a +0 helmet (worn)
Wands
 k - a wand of flame (24)
Scrolls
 d - 3 scrolls of blinking
 f - a scroll of remove curse
 h - a scroll of magic mapping
 j - 2 scrolls of teleportation {unknown}
 m - a scroll of amnesia {unknown}
Potions
 b - 2 potions of brilliance {unknown}
 c - 4 potions of curing {unknown}
 e - a potion of ambrosia {unknown}
 g - a potion of magic {unknown}
 l - a potion of flight {unknown}
 o - a potion of berserk rage {unknown}
 p - a potion of invisibility {unknown}
 q - a potion of haste {unknown}


   Skills:
 + Level 7.2 Fighting
 + Level 2.8 Short Blades
 + Level 2.8 Long Blades
 + Level 2.8 Axes
 + Level 2.8 Maces & Flails
 + Level 2.8 Polearms
 + Level 2.8 Staves
 + Level 2.8 Slings
 + Level 2.8 Bows
 + Level 2.8 Crossbows
 + Level 2.8 Throwing
 + Level 2.8 Armour
 + Level 7.2 Dodging
 + Level 5.1 Stealth
 + Level 2.8 Shields
 + Level 7.2 Unarmed Combat
 + Level 2.8 Spellcasting
 + Level 2.3 Conjurations
 + Level 2.3 Hexes
 + Level 2.3 Summonings
 + Level 2.3 Necromancy
 + Level 2.3 Translocations
 + Level 2.3 Transmutations
 + Level 2.3 Fire Magic
 + Level 2.3 Ice Magic
 + Level 2.3 Air Magic
 + Level 2.3 Earth Magic
 + Level 2.3 Poison Magic
 + Level 3.1 Invocations
 + Level 2.8 Evocations


You had 12 spell levels left.
You didn't know any spells.
Your spell library was empty.

Dungeon Overview and Level Annotations

Branches:
Dungeon (4/15)              Sewer (visited)
 Temple: D:4-7

Altars:
Ashenzari
Dithmenos
Elyvilon
Hepliaklqana
Makhleb
Okawaru
Sif Muna
Yredelemnul
Zin
The Shining One

Annotations:
D:4 Ijyb


Innate Abilities, Weirdness & Mutations

Your experience applies equally to all skills.
You have very sharp teeth.
Your uncanny sense of smell can sniff out nearby items.


Message History

You are too injured to fight recklessly!
Unknown command.
Ijyb no longer looks unusually strong.
Things that are here:
a +0 club; a hobgoblin corpse Ijyb zaps a wand.
You struggle to resist.
Zin grants you divine stamina.
You can no longer call upon Zin to imprison the lawless.
You clear your throat and prepare to recite. "To those who would swear an oath of purity on my altar..."
Ijyb is dazed by your recitation.
Ijyb shouts!
Ijyb is lost in a daze.
Unknown command.
Okay, then. "...I bring ye salvation.
To the rest, ye squalid dregs..." "...and the impure, the name of Zin shall be thy damnation."
You finish reciting Abominations 20:51.
Ijyb zaps a wand.
You are blasted!
You die...

#≈.≈#≈)#.# *,********,*,**
#≈=≈#≈≈#.#### *,* *,*,*,
#≈≈≈#≈≈#....# *,*** *,*,*,
#≈≈≈#≈≈####.# *,*,* *,*,,,
##≈..≈.#,,#.# *,*,* *,*,**
###..≈##,,#.# *,*,* *,*,,, #
#####,,,#.# *,*,* *,*,**
*,*,,,,,#(#######.#,* *,*,,,
*,,,,,,,#)).g.@...#,* *,*,,*
*,,,,,,,#####...###,******,*,,*
*,,,,,,,* #...# *,*,,<,,,*,,*
*,*,,,,,****#...#**,*,******,,*
*,*,,,,,,,,,+...+,,,*,*,,,,,,,*
*,**********#...#****,*,,,,,,,*
*,* #...# *,*********
*,**********#...# *,,,,,,,,,,
***'**,,,,,,,,,,,,* ***********


You could see Ijyb (dazed).

Vanquished Creatures
  2 bullfrogs (Sewer)
  2 orc priests (D:3)
  A centaur skeleton (D:2)
  An iguana (D:4)
  6 orc wizards (D:3)
  A worker ant (D:4)
  A howler monkey zombie (D:4)
  Robin (D:4)
  12 adders
  4 gnolls
  17 oozes
  4 dart slugs
  13 leopard geckos
  15 orcs
  10 ball pythons
  2 bats
  15 giant cockroaches
  17 goblins
  7 hobgoblins
  5 jackals (D:2)
  8 kobolds
  13 frilled lizards
  5 rats
162 creatures vanquished.

Notes
Turn   | Place    | Note
-------+----------+-------------------------------------------
     0 | D:1      | Zeld the Gnoll Monk began the quest for the Orb.
     0 | D:1      | Reached XP level 1. HP: 23/23 MP: 1/1
   414 | D:1      | Reached XP level 2. HP: 29/29 MP: 2/2
   929 | D:2      | Found a white marble altar of Elyvilon.
   946 | D:2      | Reached skill level 1 in Invocations
   946 | D:2      | Reached XP level 3. HP: 23/35 MP: 2/4
  1062 | D:2      | Reached skill level 1 in Short Blades
  1062 | D:2      | Reached skill level 1 in Long Blades
  1062 | D:2      | Reached skill level 1 in Axes
  1062 | D:2      | Reached skill level 1 in Maces & Flails
  1062 | D:2      | Reached skill level 1 in Polearms
  1062 | D:2      | Reached skill level 1 in Staves
  1062 | D:2      | Reached skill level 1 in Slings
  1062 | D:2      | Reached skill level 1 in Bows
  1062 | D:2      | Reached skill level 1 in Crossbows
  1062 | D:2      | Reached skill level 1 in Throwing
  1062 | D:2      | Reached skill level 1 in Armour
  1062 | D:2      | Reached skill level 1 in Shields
  1062 | D:2      | Reached skill level 1 in Spellcasting
  1062 | D:2      | Reached skill level 1 in Evocations
  1109 | D:2      | Reached XP level 4. HP: 41/41 MP: 5/5
  1726 | D:2      | Reached skill level 1 in Conjurations
  1726 | D:2      | Reached skill level 1 in Hexes
  1726 | D:2      | Reached skill level 1 in Summonings
  1726 | D:2      | Reached skill level 1 in Necromancy
  1726 | D:2      | Reached skill level 1 in Translocations
  1726 | D:2      | Reached skill level 1 in Transmutations
  1726 | D:2      | Reached skill level 1 in Fire Magic
  1726 | D:2      | Reached skill level 1 in Ice Magic
  1726 | D:2      | Reached skill level 1 in Air Magic
  1726 | D:2      | Reached skill level 1 in Earth Magic
  1726 | D:2      | Reached skill level 1 in Poison Magic
  1763 | D:2      | Found a shadowy altar of Dithmenos.
  1943 | D:3      | Found a glowing silver altar of Zin.
  1946 | D:3      | Found a broken altar of Ashenzari.
  1946 | D:3      | Found an iron altar of Okawaru.
  1953 | D:3      | Became a worshipper of Zin the Law-Giver
  1953 | D:3      | Reached * piety under Zin
  1953 | D:3      | Reached ** piety under Zin
  1991 | D:3      | Donated 38 gold pieces to Zin
  1992 | D:3      | Donated 19 gold pieces to Zin
  1993 | D:3      | Donated 10 gold pieces to Zin
  2002 | D:2      | Found a glowing golden altar of the Shining One.
  2002 | D:2      | Found a basalt altar of Yredelemnul.
  2002 | D:2      | Found a burning altar of Makhleb.
  2002 | D:2      | Found a hazy altar of Hepliaklqana.
  2004 | D:2      | Reached XP level 5. HP: 15/47 MP: 6/6
  2216 | D:2      | Found a shimmering blue altar of Sif Muna.
  2319 | D:2      | Donated 5 gold pieces to Zin
  2320 | D:2      | Donated 2 gold pieces to Zin
  2321 | D:2      | Donated 1 gold piece to Zin
  2985 | D:3      | Reached XP level 6. HP: 19/53 MP: 8/8
  4061 | D:3      | Reached *** piety under Zin
  4253 | D:4      | Reached XP level 7. HP: 48/59 MP: 10/10
  4325 | D:4      | Found a glowing drain.
  4351 | Sewer    | Entered a sewer
  4995 | Sewer    | Donated 32 gold pieces to Zin
  4996 | Sewer    | Donated 16 gold pieces to Zin
  4997 | Sewer    | Donated 8 gold pieces to Zin
  4998 | Sewer    | Donated 4 gold pieces to Zin
  4999 | Sewer    | Donated 2 gold pieces to Zin
  5457 | Sewer    | Reached skill level 5 in Stealth
  5901 | D:4      | Noticed Robin
  5916 | D:4      | Noticed Ijyb
  5932 | D:4      | Killed Robin
  5933 | D:4      | Reached XP level 8. HP: 41/67 MP: 12/12
  5942 | D:4      | Blown up by Ijyb

Illustrated notes

Levels and vault maps discovered:
D:1:      arrival_zaba_pyramid, layout_loops_corners
D:2:      layout_basic, general_overflow_altar, lemuel_doored_altar,
          nicolae_overflow_hidden_temple, minmay_tetromino_o4
D:3:      layout_loops_ring, chequers_temple_overflow_statue_of_worship,
          minivault_23
D:4:      layout_basic, gup_sewer_entry_pipe, uniq_robin, uniq_ijyb

Skill      XL: |  1  2  3  4  5  6  7 |
---------------+----------------------+-----
Invocations    | 1 2 3 |  3.1
Short Blades   | 1 2 |  2.8
Long Blades    | 1 2 |  2.8
Axes           | 1 2 |  2.8
Maces & Flails | 1 2 |  2.8
Polearms       | 1 2 |  2.8
Staves         | 1 2 |  2.8
Slings         | 1 2 |  2.8
Bows           | 1 2 |  2.8
Crossbows      | 1 2 |  2.8
Throwing       | 1 2 |  2.8
Armour         | 1 2 |  2.8
Shields        | 1 2 |  2.8
Spellcasting   | 1 2 |  2.8
Evocations     | 1 2 |  2.8
Conjurations   | 1 2 |  2.3
Hexes          | 1 2 |  2.3
Summonings     | 1 2 |  2.3
Necromancy     | 1 2 |  2.3
Translocations | 1 2 |  2.3
Transmutations | 1 2 |  2.3
Fire Magic     | 1 2 |  2.3
Ice Magic      | 1 2 |  2.3
Air Magic      | 1 2 |  2.3
Earth Magic    | 1 2 |  2.3
Poison Magic   | 1 2 |  2.3
Fighting       | 7 |  7.2
Dodging        | 7 |  7.2
Unarmed Combat | 7 |  7.2
Stealth        | 5 |  5.1

Action                   |  1- 3 |  4- 6 |  7- 9 || total
-------------------------+-------+-------+-------++-------
Melee: Unarmed           |    28 |   212 |   295 ||   535
       Punch             |     5 |     5 |    11 ||    21
       Bite              |     2 |    21 |    21 ||    44
Invok: Donate Gold       |       |     6 |     5 ||    11
       Vitalisation      |       |     1 |     3 ||     4
       Recite            |       |       |     1 ||     1
  Use: Scroll            |       |       |     5 ||     5
 Stab: Sleeping          |     4 |    11 |     1 ||    16
       Distracted        |       |     1 |       ||     1
Armor: Robe              |     1 |    14 |    45 ||    60
Dodge: Dodged            |    12 |   180 |   289 ||   481
